 Dungeon Crawl Stone Soup version 0.30-a0-777-ga9a30cbeda (webtiles) character file.

Game seed: 1835941951979226338

379 Newt the Trooper (level 6, -1/51 HPs)
             Began as a Demonspawn Gladiator on Feb 13, 2023.
             Killed from afar by an orc wizard (4 damage)
             ... with a magic dart
             ... on level 5 of the Dungeon.
             The game lasted 00:03:12 (3269 turns).

Newt the Trooper (Demonspawn Gladiator)             Turns: 3269, Time: 00:03:13

Health: -1/51      AC:  4    Str: 17    XL:     6   Next: 45%
Magic:  6/6        EV: 12    Int:  9    God:
Gold:   187        SH:  0    Dex: 14    Spells: 5/5 levels left

rFire   . . .      SeeInvis .    x - +6 quarterstaff (freeze)
rCold   . . .      Faith    +    (shield currently unavailable)
rNeg    . . .      Spirit   .    b - +0 leather armour
rPois   .          Reflect  .    (helmet restricted)
rElec   .          Harm     .    u - +0 cloak
rCorr   .          Rampage  .    (no gloves)
Will    .....                    (no boots)
Stlth   +                        p - amulet of faith
HPRegen 0.28/turn                (no ring)
MPRegen 0.20/turn                (no ring)

@: marked
A: horns 2, magic regeneration
a: no special abilities


You were on level 5 of the Dungeon.
You visited 1 branch of the dungeon, and saw 5 of its levels.

You collected 187 gold pieces.

Inventory:

Hand Weapons
 a - a +1 rapier of freezing
 x - a +6 quarterstaff of freezing (weapon)
Missiles
 d - 3 throwing nets
 e - a javelin
 j - 44 stones (quivered)
Armour
 b - a +0 leather armour (worn)
 c - a +0 helmet
 u - a +0 cloak (worn)
 w - the +6 chain mail of the Dungeon {Will+ Slay-4 Stlth+}
   (You found it on level 3 of the Dungeon)

   Slay:      It affects your accuracy & damage with ranged weapons and melee
   (-4).
   Will:      It increases your willpower.
   Stlth:     It makes you more stealthy.
Jewellery
 p - an amulet of faith (around neck)
Scrolls
 g - a scroll of brand weapon
 k - a scroll of fear
 o - a scroll of magic mapping
 s - a scroll of teleportation
 y - 4 scrolls of amnesia
 z - a scroll of fog
Potions
 f - a potion of flight
 h - 3 potions of attraction
 i - a potion of brilliance
 l - a potion of experience
 m - a potion of curing
 n - a potion of ambrosia {unknown}
 q - a potion of heal wounds {unknown}
 r - a potion of magic {unknown}
 t - 2 potions of lignification {unknown}
 v - 3 potions of haste {unknown}


   Skills:
 - Level 5.0 Fighting
 - Level 2.6 Short Blades
 + Level 4.2 Staves
 - Level 1.7 Throwing
 - Level 2.6 Dodging


You had 5 spell levels left.
You didn't know any spells.
Your spell library contained the following spells:

 Spells                   Type           Power      Damage    Failure   Level
 Ensorcelled Hibernation  Hex/Ice        0%         N/A       58%         2
 Passwall                 Tmut/Erth      0%         N/A       58%         2
 Gell's Gravitas          Tloc           0%         N/A       83%         3
 Kindle Blastsparks       Fire/Tloc/Air  0%         2d10      83%         3
 Swiftness                Air            0%         N/A       83%         3
 Teleport Other           Tloc           0%         N/A       83%         3
 Fulminant Prism          Conj/Hex       0%         3d5       99%         4
 Iskenderun's Mystic Bla  Conj/Tloc      0%         2d3       99%         4
 Lee's Rapid Deconstruct  Erth           0%         3d4*      100%        5
 Dispersal                Tloc           0%         N/A       100%        6


Dungeon Overview and Level Annotations

Branches:
Dungeon (5/15)
 Temple: D:4-7

Altars:

Shops:
D:4 (


Innate Abilities, Weirdness & Mutations

You have a pair of horns on your head.
You regenerate magic rapidly.


Message History

Your Staves skill increases to level 4!
You miss the phantom.
The phantom is heavily damaged.
A gnoll comes into view. It is wielding a +0 flail.
The phantom hits you but does no damage.
You sock the phantom!
The phantom is severely damaged.
An orc comes into view. It is wielding a +0 dagger.
The orc wizard points at you and mumbles some strange words.
You are confused.
An orc comes into view. It is wielding a +0 whip.
The phantom misses you. The phantom barely misses you.
An iguana comes into view.
An orc wizard comes into view. It is wielding a +0 dagger.
You feel better.
A gnoll comes into view. It is wielding a +0 club.
The phantom hits you.
* * * LOW HITPOINT WARNING * * *
As you read the scroll of fear, it crumbles to dust.
You assume a fearsome visage.
The gnoll looks frightened! x2
The orc wizard looks frightened!
The iguana looks frightened!
The phantom is unaffected.
The orc looks frightened!
The orc wizard looks frightened!
The orc looks frightened! x2
The orc wizard casts a spell.
The orc wizard flickers and vanishes!
Deactivating autopickup; reactivate with Ctrl-A.
The phantom hits you.
* * * LOW HITPOINT WARNING * * *
The phantom blinks!
You blink. 2 gnolls, 3 orcs and an ice beast come into view.
Found a book of Alchemy and 14 gold pieces.
Found a stone staircase leading down.
The orc wizard gestures wildly while chanting.
The orc wizard flickers and vanishes!
The phantom attacks as you move away! The phantom hits you.
* * * LOW HITPOINT WARNING * * *
The orc wizard casts a spell at you. The magic dart hits you.
You die...

..)......,,...........,*,,**,,,,,
.........,*,..g....>....,,,*,,,,,
.>..###.#g*,#g..o...Y...**,*,,,,,
....##*...o.#...o....$.#**,*,,,,,
.....#**..#.#g....#.....**,*,,,,,
.....####.#.......{.....,*,,,,***
.......#...{.$...#.o..#.,,,*,,,,,
.......#...$....W.......,,,,,,,,,
....#........o..@..o....,,,,**,,,
....##......§.........:.*,*,***,,
....##....).§.......l...*,*,,,,,,
##.####.................,,,,,,,,,
#.**#..##..........#...,,,,,,,,,
*,*#...##..........#*..,,,***,,,
*,*#,,.####.########**#****,**,*
*,,***** #..**,,,,,,,,,,,*,,,,,
**,,** ##.,*,8,_,_,_,8,*,,,,,


You could see an ice beast, a phantom, an iguana (fleeing), an orc priest, an
orc wizard, 4 gnolls and 4 orcs.

Vanquished Creatures
  An ogre (D:5)
  A necrophage (D:4)
  A howler monkey (D:4)
  Crazy Yiuf (D:2)
  2 iguanas
  6 adders
  A white imp (D:4)
  6 ball pythons
  3 endoplasms
  A giant cockroach (D:3)
  9 hobgoblins
  6 jackals (D:2)
  3 quokkas
  3 bats
  4 frilled lizards
  8 goblins
  3 kobolds
  4 rats
63 creatures vanquished.

Notes
Turn   | Place    | Note
-------+----------+-------------------------------------------
     0 | D:1      | Newt the Demonspawn Gladiator began the quest for the Orb.
     0 | D:1      | Reached XP level 1. HP: 16/16 MP: 1/1
   159 | D:1      | Gained mutation: You have a pair of small horns on your
                  | head. [demonic ancestry]
   159 | D:1      | Reached XP level 2. HP: 17/23 MP: 2/2
   207 | D:1      | Reached skill level 3 in Fighting
   531 | D:2      | Reached XP level 3. HP: 22/30 MP: 3/3
   680 | D:2      | Reached skill level 4 in Fighting
  1170 | D:2      | Found a runed translucent door.
  1171 | D:2      | Noticed Crazy Yiuf
  1179 | D:2      | Killed Crazy Yiuf
  1180 | D:2      | Reached XP level 4. HP: 38/38 MP: 4/4
  1958 | D:3      | Identified the +6 chain mail of the Dungeon {Will+ Slay-4
                  | Stlth+}
  2350 | D:4      | Noticed a necrophage
  2356 | D:4      | Killed a necrophage
  2357 | D:4      | Reached skill level 5 in Fighting
  2357 | D:4      | Reached skill level 1 in Staves
  2357 | D:4      | Gained mutation: You have a pair of horns on your head.
                  | [demonic ancestry]
  2357 | D:4      | Reached XP level 5. HP: 21/44 MP: 5/5
  2965 | D:4      | Gained mutation: You regenerate magic rapidly. [demonic
                  | ancestry]
  2965 | D:4      | Reached XP level 6. HP: 45/51 MP: 6/6
  3094 | D:4      | Found Cubru's Weapon Shop.
  3183 | D:5      | Entered Level 5 of the Dungeon
  3268 | D:5      | Noticed an ice beast
  3269 | D:5      | Killed from afar by an orc wizard

Illustrated notes

Levels and vault maps discovered:
D:1:      tarquinn_simple_flora_water_d, layout_rooms,
          chequers_serial_rivers_micro_d
D:2:      layout_loops_ring, minmay_misc_feat_more_columns,
          uniq_crazy_yiuf_cottage
D:3:      layout_loops_ring
D:4:      minmay_chambers_of_fours, layout_cave_pools, serial_shops,
          nicolae_shop_bloodbath_and_beyond
D:5:      layout_rooms, nicolae_overflows_in_rows, minmay_misc_feat_iff,
          pf_guarded_unrand_delatra

Skill      XL: |  1  2  3  4  5  6 |
---------------+-------------------+-----
Fighting       | 3 4 5 |  5.0
Staves         | 1 3 4 |  4.2
Short Blades   | |  2.6
Throwing       | |  1.7
Dodging        | |  2.6

Action                     |  1- 3 |  4- 6 || total
---------------------------+-------+-------++-------
  Melee: Rapier            |    85 |    31 ||   116
         Headbutt          |     8 |     7 ||    15
         Punch             |     1 |       ||     1
         Quarterstaff      |       |    37 ||    37
  Throw: Throwing net      |     2 |       ||     2
         Stone             |       |     1 ||     1
    Use: Scroll            |     5 |    15 ||    20
         Potion            |     2 |     1 ||     3
   Stab: Held in net/web   |     1 |       ||     1
 Armour: Leather armour    |    16 |    16 ||    32
  Dodge: Dodged            |    54 |    35 ||    89

Table legend: (Time is in decaauts)
 A = Elapsed time spent in this place.
 B = Non-inter-level travel time spent in this place.
 C = Inter-level travel time spent in this place.
 D = Time resting spent in this place.
 E = Time spent auto-exploring this place.
 F = Levels seen in this place.
 G = Mean time per level.
                   A        B        C        D        E       F      G
               +--------+--------+--------+--------+--------+-----+--------+
         Total |   3282 |   2928 |    354 |    384 |   2097 |   5 |  656.4 |
       Dungeon |   3282 |   2928 |    354 |    384 |   2097 |   5 |  656.4 |
               +--------+--------+--------+--------+--------+-----+--------+

Top non-repeatable levels by time:
     D:2: 949 daAuts
     D:4: 917 daAuts
     D:3: 886 daAuts
     D:1: 441 daAuts
     D:5: 87 daAuts
